 Dungeon Crawl Stone Soup version 0.18.1-48-g4cf74bf (webtiles) character file.

100 Inchmeat the Cudgeler (level 4, -3/39 HPs)
             Began as an Ogre Fire Elementalist on Aug 2, 2016.
             Was an Initiate of Makhleb.
             Killed from afar by a dart slug (7 damage)
             ... with a slug dart
             ... on level 3 of the Dungeon.
             The game lasted 00:09:41 (2447 turns).

Inchmeat the Cudgeler (Ogre Fire Elementalist)      Turns: 2447, Time: 00:09:42

Health: -3/39      AC:  3    Str: 13    XL:     4   Next: 73%
Magic:  0/7        EV: 10    Int: 20    God:    Makhleb [......]
Gold:   92         SH:  0    Dex: 10    Spells: 2 memorised, 3 levels left

rFire  . . .     SeeInvis .     e - +0 mace
rCold  . . .     Gourm    .     a - +0 robe
rNeg   . . .     Faith    .     (no shield)
rPois  .         Spirit   .     (helmet restricted)
rElec  .         Dismiss  .     (no cloak)
rCorr  .         Reflect  .     (gloves unavailable)
SustAt .         Harm     .     (boots unavailable)
MR     .....     Rnd*Tele +     (no amulet)
Stlth  +.........               (no ring)
                                g - ring of teleportation

@: brilliant, not resistant to hostile enchantments, very unstealthy
A: unfitting armour, tough skin 1
a: Renounce Religion


You were on level 3 of the Dungeon.
You worshipped Makhleb.
Makhleb was noncommittal.
You were hungry.

You visited 1 branch of the dungeon, and saw 3 of its levels.

You collected 92 gold pieces.

Inventory:

Hand Weapons
 e - a +0 mace (weapon)
Armour
 a - a +0 robe (worn)
Jewellery
 g - a ring of teleportation (left hand)
Scrolls
 i - a scroll of remove curse
Potions
 h - a potion of flight
Books
 b - a book of Flames

   Spells                             Type                      Level
   a - Flame Tongue                   Conjuration/Fire             1
   b - Throw Flame                    Conjuration/Fire             2
   c - Conjure Flame                  Conjuration/Fire             3
   d - Inner Flame                    Hexes/Fire                   3
   e - Sticky Flame                   Conjuration/Fire             4
   f - Fireball                       Conjuration/Fire             5
Comestibles
 c - a bread ration
 f - a meat ration


   Skills:
 + Level 5.5 Maces & Flails
 - Level 1.7 Dodging
 - Level 1.5 Stealth
 - Level 2.4 Spellcasting
 - Level 0.6 Conjurations
 - Level 2.1 Fire Magic


You had 3 spell levels left.
You knew the following spells:

 Your Spells              Type           Power        Failure   Level  Hunger
a - Flame Tongue          Conj/Fire      ###..        1%          1    #......
b - Conjure Flame         Conj/Fire      ###.....     3%          3    ###....


Dungeon Overview and Level Annotations

Branches:
Dungeon (3/15)

Altars:
Cheibriados
Elyvilon
Fedhas
Gozag
Kikubaaqudgha
Makhleb
Ru
Trog
Vehumet
Yredelemnul


Innate Abilities, Weirdness & Mutations

You are too large for most types of armour.
You have tough skin (AC +1).


Message History

Unknown command.
You hit the dart slug.
The dart slug is lightly wounded.
The dart slug bites you.
* * * LOW HITPOINT WARNING * * *
Unknown command.
You sock the dart slug!
The dart slug is almost dead.
Unknown command.
Casting: Flame Tongue
Confirm with . or Enter, or press ? or * to list all spells.
Aiming: Flame Tongue
Press: ? - help, Shift-Dir - straight line, f - dart slug
Aim: a dart slug (almost dead, clinging)
The flame tongue hits the dart slug.
You kill the dart slug!
Makhleb accepts your kill. The dart slug launches a dart at you.
The slug dart hits you!
You die...

#.........#
#...).....#
#.........#
#.........#
#.........#
#..)...w..#
###.w###.†## ##
#(..w####.### ..
#.##@##≈≈.≈≈# .#
#. ##.≈≈≈≈≈≈#.##
#
#≈#≈≈≈#≈≈≈≈≈#..
#≈≈≈≈≈≈w.≈≈≈≈≈#
.≈≈#≈≈...≈≈≈≈#.#
#≈≈≈≈≈≈.⌠≈≈≈≈≈≈#
≈≈≈≈≈≈≈.≈≈≈≈≈≈≈≈
≈w≈≈≈≈)..≈w≈≈#≈≈
≈≈≈≈≈≈.<.≈≈≈≈≈≈.


You could see 3 dart slugs.

Vanquished Creatures
  2 adders
  3 worms (D:2)
  9 dart slugs
  3 giant geckos
  2 giant cockroaches (D:1)
  5 goblins
  8 hobgoblins
  A quokka (D:2)
  5 bats
  5 giant newts
  6 kobolds
  6 rats
55 creatures vanquished.

Notes
Turn   | Place    | Note
--------------------------------------------------------------
     0 | D:1      | Inchmeat the Ogre Fire Elementalist began the quest for the Orb.
     0 | D:1      | Reached XP level 1. HP: 16/16 MP: 3/3
    32 | D:1      | Reached skill level 1 in Maces & Flails
    92 | D:1      | Reached skill level 2 in Maces & Flails
    92 | D:1      | Reached XP level 2. HP: 10/24 MP: 3/5
   526 | D:1      | Reached skill level 3 in Maces & Flails
   768 | D:1      | Reached XP level 3. HP: 14/31 MP: 4/6
  1237 | D:1      | Reached skill level 4 in Maces & Flails
  1354 | D:2      | Found an opulent altar of Gozag.
  1355 | D:2      | Found a bloodstained altar of Trog.
  1360 | D:2      | Found a radiant altar of Vehumet.
  1360 | D:2      | Found a sacrificial altar of Ru.
  1361 | D:2      | Found an ancient bone altar of Kikubaaqudgha.
  1361 | D:2      | Found a blossoming altar of Fedhas.
  1432 | D:2      | Found a basalt altar of Yredelemnul.
  1539 | D:2      | Reached XP level 4. HP: 20/39 MP: 3/7
  1767 | D:2      | Found a white marble altar of Elyvilon.
  1779 | D:2      | Found a burning altar of Makhleb.
  1782 | D:2      | Became a worshipper of Makhleb the Destroyer
  2206 | D:2      | Reached skill level 5 in Maces & Flails
  2266 | D:2      | Learned a level 3 spell: Conjure Flame
  2327 | D:2      | Found a snail-covered altar of Cheibriados.
  2447 | D:3      | Killed from afar by a dart slug

Skill      XL: |  1  2  3  4 |
---------------+-------------+-----
Maces & Flails | 2 3 4 5 |  5.5
Dodging        | |  1.7
Stealth        | |  1.5
Spellcasting   | |  2.4
Conjurations   | |  0.6
Fire Magic     | |  2.1

Action                   |  1- 3 |  4- 6 || total
-------------------------+-------+-------++-------
Melee: Mace              |    68 |    49 ||   117
 Cast: Flame Tongue      |    32 |    28 ||    60
  Use: Scroll            |     3 |     4 ||     7
       Potion            |       |     2 ||     2
 Stab: Sleeping          |     1 |       ||     1
  Eat: Chunk             |     1 |     4 ||     5
Armor: Robe              |    24 |    11 ||    35
Dodge: Dodged            |    47 |    48 ||    95
